 Dungeon Crawl Stone Soup version 0.24.0-125-gc4c63601f3 (webtiles) character file.

Game seed: 10908205478223106188, levelgen mode: deterministic

220 Amplified the Poker (level 5, -6/48 HPs)
             Began as a Minotaur Chaos Knight on Mar 14, 2020.
             Was a Plaything of Xom.
             Mangled by Duvessa
             ... wielding a cursed +0 short sword
              (8 damage)
             ... on level 4 of the Dungeon.
             The game lasted 00:03:52 (2119 turns).

Amplified the Poker (Minotaur Chaos Knight)         Turns: 2119, Time: 00:03:53

Health: -6/48      AC:  5    Str: 11 (13) XL:     5   Next: 64%
Magic:  4/4        EV: 11    Int:  5 (7)  God:    Xom [......]
Gold:   174        SH:  4    Dex:  9 (10) Spells: 4/4 levels left

rFire    x . .     SeeInvis .   a - +0 spear (chaos)
rCold    + + +     Gourm    .   g - +0 buckler
rNeg     . . .     Faith    .   b - +2 leather armour
rPois    .         Spirit   .   (helmet restricted)
rElec    .         Reflect  .   (no cloak)
rCorr    .         Harm     .   (no gloves)
MR       .....                  (no boots)
Stlth    +.........             (no amulet)
HPRegen  0.16/turn              h - ring of protection from cold
MPRegen  0.09/turn              p - ring of ice

@: flying
A: retaliatory headbutt, horns 2, iridescent scales 1, blurry vision 1, cold
resistance 1, deformed body, dopey 1, screaming 1, weak 2
a: Renounce Religion


You were on level 4 of the Dungeon.
You worshipped Xom.
You were a very special plaything of Xom.
You were not hungry.

You visited 1 branch of the dungeon, and saw 4 of its levels.

You collected 174 gold pieces.

Inventory:

Hand Weapons
 a - a +0 spear of chaos (weapon)
Missiles
 d - 4 poisoned darts (quivered)
Armour
 b - a +2 leather armour (worn)
 f - a +0 scale mail
 g - a +0 buckler (worn)
Jewellery
 h - a ring of protection from cold (left hand)
 p - a ring of ice (right hand)
Wands
 o - a wand of random effects (9)
 s - a wand of polymorph (7)
Scrolls
 e - a scroll of teleportation
 j - a scroll of remove curse
 q - 2 scrolls of identify
Potions
 k - 2 potions of resistance
Comestibles
 c - 2 rations
 r - 4 chunks of flesh


   Skills:
 * Level 5.1 Fighting
 * Level 5.4 Polearms
 - Level 3.2 Armour
 - Level 2.0 Dodging
 * Level 2.2 Shields


You had 4 spell levels left.
You didn't know any spells.
Your spell library was empty.

Dungeon Overview and Level Annotations

Branches:
Dungeon (4/15)
 Temple: D:4-7

Altars:
Makhleb
Nemelex Xobeh
Qazlal
Uskayaw
Xom
The Shining One

Annotations:
D:4 Duvessa


Innate Abilities, Weirdness & Mutations

You reflexively headbutt those who attack you in melee.
You have a pair of horns on your head.
You are partially covered in iridescent scales. (AC +2)
Scrolls take you a little longer to read.
Your flesh is cold resistant. (rC+)
Armour fits poorly on your strangely shaped body.
You are dopey. (Int -2)
You occasionally shout uncontrollably at your foes.
You are very weak. (Str -4)


Message History

Your shield prevents you from hitting something.
Something hits you. Something hits you!
* * * LOW HITPOINT WARNING * * *
Unknown command.
Okay, then.
Okay, then.
Okay, then.
Quiver which item? (- for none, * to show all) (? for menu, Esc to quit)
Okay, then.
You hear a shout!
Something hits you but does no damage.
Okay, then.
Okay, then.
Unknown command.
Unknown command.
Unknown command.
Attack whom?
Press: ? - help, Dir - move target cursor You hit something but do no damage.
Something hits you!
You die...

#e...# ..........#
#..# #.......#
#..#######........
#.>.............##
#)########.######
#.########.#
#.##.......#
#.##.#######
#@##.# #....#
######


There were no monsters in sight!

Vanquished Creatures
  Dowan (D:4)
  2 worker ants (D:4)
  5 adders (D:2)
  A worm (D:4)
  2 dart slugs
  A leopard gecko (D:3)
  8 orcs (D:3)
  2 ball pythons
  6 bats
  A giant cockroach (D:2)
  6 goblins
  3 hobgoblins
  8 jackals
  A quokka (D:2)
  3 frilled lizards
  7 kobolds
  12 rats
69 creatures vanquished.

Vanquished Creatures (collateral kills)
  A butterfly (D:3)
1 creature vanquished.

Vanquished Creatures (others)
  A jackal (D:1)
1 creature vanquished.

Grand Total: 71 creatures vanquished

Notes
Turn   | Place    | Note
-------+----------+-------------------------------------------
     0 | D:1      | Amplified the Minotaur Chaos Knight began the quest for the
                  | Orb.
     0 | D:1      | Reached XP level 1. HP: 19/19 MP: 0/0
    95 | D:1      | XOM: harmless Conj miscast
   203 | D:1      | You fall into a shaft and drop 1 floor!
   374 | D:1      | XOM: give mutations
   374 | D:1      | Gained mutation: Your body sometimes deteriorates upon
                  | taking damage. [Xom's mischief]
   374 | D:1      | Gained mutation: Your flesh is cold resistant. (rC+) [Xom's
                  | mischief]
   374 | D:1      | Gained mutation: You expend magic power (3 MP) to
                  | strengthen your wands. [Xom's mischief]
   374 | D:1      | Gained mutation: You are partially covered in iridescent
                  | scales. (AC +2) [Xom's mischief]
   409 | D:1      | Reached XP level 2. HP: 27/27 MP: 1/1
   460 | D:1      | Lost mutation: You expend magic power (3 MP) to strengthen
                  | your wands. [potion of mutation]
   460 | D:1      | Lost mutation: Your body sometimes deteriorates upon taking
                  | damage. [potion of mutation]
   460 | D:1      | Gained mutation: You are dopey. (Int -2) [potion of
                  | mutation]
   460 | D:1      | Gained mutation: Armour fits poorly on your strangely
                  | shaped body. [potion of mutation]
   460 | D:1      | Gained mutation: You are partially covered in thin metallic
                  | scales. (AC +2) [potion of mutation]
   541 | D:1      | XOM: harmless Summ miscast
   571 | D:1      | XOM: give mutations
   571 | D:1      | Gained mutation: Your body sometimes deteriorates upon
                  | taking damage. [Xom's mischief]
   571 | D:1      | Lost mutation: Armour fits poorly on your strangely shaped
                  | body. [Xom's mischief]
   571 | D:1      | Gained mutation: Scrolls take you a little longer to read.
                  | [Xom's mischief]
   652 | D:2      | XOM: blink monster(s)
   663 | D:2      | Reached XP level 3. HP: 30/33 MP: 2/2
   844 | D:2      | Reached XP level 4. HP: 38/41 MP: 3/3
   907 | D:2      | Found a burning altar of Makhleb.
   952 | D:2      | XOM: harmless Necr miscast
  1079 | D:2      | Found a sparkling altar of Nemelex Xobeh.
  1371 | D:3      | Found a glowing golden altar of the Shining One.
  1503 | D:3      | Noticed a +0 dagger
  1504 | D:3      | Noticed a +0 dagger
  1508 | D:3      | Found a hide-covered altar of Uskayaw.
  1536 | D:3      | Found a shimmering altar of Xom.
  1616 | D:3      | Reached skill level 5 in Polearms
  1616 | D:3      | Reached skill level 1 in Shields
  1868 | D:4      | XOM: give mutations
  1868 | D:4      | Gained mutation: You are weak. (Str -2) [Xom's mischief]
  1868 | D:4      | Gained mutation: Armour fits poorly on your strangely
                  | shaped body. [Xom's mischief]
  1946 | D:4      | XOM: give mutations
  1946 | D:4      | Lost mutation: Your body sometimes deteriorates upon taking
                  | damage. [Xom's mischief]
  1946 | D:4      | Lost mutation: You are partially covered in thin metallic
                  | scales. (AC +2) [Xom's mischief]
  1946 | D:4      | Gained mutation: You are very weak. (Str -4) [Xom's
                  | mischief]
  1946 | D:4      | Gained mutation: You occasionally shout uncontrollably at
                  | your foes. [Xom's mischief]
  1993 | D:4      | Reached XP level 5. HP: 35/47 MP: 4/4
  2053 | D:4      | Found a stormy altar of Qazlal.
  2100 | D:4      | Noticed Dowan
  2102 | D:4      | Noticed Duvessa
  2115 | D:4      | Killed Dowan
  2115 | D:4      | Reached skill level 5 in Fighting
  2116 | D:4      | HP: 1/48 [something (16)]
  2119 | D:4      | Mangled by Duvessa

Levels and vault maps discovered:
D:1:      roderic_octagonal_star, layout_basic, lemuel_flame_loot_1
D:2:      layout_rooms, lemuel_doored_altar, nicolae_overflow_hidden_temple
D:3:      layout_basic, tso_metal_star, xom_butterflies,
          dancing_weapons_uskayaw, serial_corexii_hall,
          chequers_hall_statues_corner_a, corexii_hall_statues_l,
          corexii_hall_statues_x, corexii_hall_statues_x
D:4:      minmay_clustersquares, layout_basic, grunt_qazlal_clouds,
          minmay_temple_entry_glass, lightli_ossuary_entry_decrepit_ruins,
          serial_corexii_hall, corexii_hall_statues_u, corexii_hall_statues_t,
          corexii_hall_statues_t, chequers_hall_statues_corner_a,
          uniq_eustachio, uniq_duvessa, uniq_grinder

Skill      XL: |  1  2  3  4  5 |
---------------+----------------+-----
Polearms       | 4 5 |  5.4
Fighting       | 4 5 |  5.1
Armour         | 3 |  3.2
Dodging        | 2 |  2.0
Shields        | 1 2 |  2.2

Action                   |  1- 3 |  4- 6 || total
-------------------------+-------+-------++-------
Melee: Spear             |   104 |    94 ||   198
       Headbutt          |     7 |    11 ||    18
Throw: Dart              |       |     2 ||     2
Evoke: Wand              |       |     5 ||     5
  Use: Potion            |     4 |     4 ||     8
       Scroll            |     3 |     1 ||     4
 Stab: Paralysed         |     3 |     1 ||     4
       Confused          |       |     1 ||     1
  Eat: Chunk             |       |     2 ||     2
       Ration            |       |     1 ||     1
Armor: Leather armour    |     4 |    11 ||    15
       Scale mail        |    44 |     7 ||    51
Dodge: Dodged            |    41 |    24 ||    65
Block: Buckler           |       |    12 ||    12
